[Event "Tata Steel Chess Masters 2023"]
[Site "Chess.com"]
[Date "2023.01.27"]
[Round "11"]
[White "Praggnanandhaa, R."]
[Black "Maghsoodloo, Parham"]
[Result "0-1"]
[WhiteElo "2684"]
[BlackElo "2719"]
[ECO "B90"]
[EventDate "2023.??.??"]
[Annotator "rafael"]
[PlyCount "104"]
[Beauty "6873713520690"]
[EventType "schev"]
[EventRounds "4"]
[TimeControl "6000+30"]

1.e4 c5 2.Nf3 d6 3.d4 cxd4 4.Nxd4 Nf6 5.Nc3 a6 6.h3 e5 7.Nf3 {Only the third most played move in this position. The original idea of the move 6.h3 is to withdraw the knight to e2 and then play g4-Ng3. Many players also turn the knight back to b3 and then try to play in English Attack style, with Be3 and the g4-g5 push. But the 7.Nf3 move is more difficult to understand, despite having been played in many games. Praggnanandhaa will make his intentions clearer with his next move.} 7...Qc7 {A thematic move, aimed at avoiding the development of the white bishop on c4.} ( 7...Be7 8.Bc4 {This position was played in a recent game of importance to opening theory.} 8...O-O 9.O-O Be6 10.Bb3 b5 11.Nd5 Nxd5 12.Bxd5 Bxd5 13.Qxd5 Nd7 {with a balanced game Naiditsch-Saric, Hungary 2022.} ) 8.Nh2 $5 {A creative move, which has only been attempted once before. I'm always happy when I see new ideas even in openings as studied as the Najdorf Defense, as it shows that chess is very much alive. The idea of the knight returning to h2 is perhaps more associated with Ruy Lopez positions. Here the plan is to take the knight to g4 and then to e3, reinforcing control of the d5-square.} ( 8.g4 ) ( 8.Bg5 ) ( 8.Bd3 ) 8...Nbd7 {A novelty.} ( 8...Be6 9.Be2 Nbd7 10.a4 Be7 11.Ng4 {was played in Nestorovic-Lazov, Paracin Summer Open 2017.} ) 9.Ng4 b5 {A natural move—the b5 advance is part of Black's strategy in almost all of the Najdorf's positions.} 10.Ne3 Nb6 11.a3 {...Avoiding the b5-b4 move and stabilizing the knight's position on c3.} 11...Be7 12.Bd3 Be6 13.Qf3 g6 14.O-O {Moves by both sides have been pretty logical so far, each player developing their pieces or avoiding the opponent's plan. Now Black commits an inaccuracy.} 14...Nfd7 $6 ( 14...O-O {When in doubt, just castle! It was not yet time to move this knight.} ) 15.Bd2 Nc5 16.Be2 O-O 17.Nf5 $2 {A nice tactical move, but one that only gives White a headache.} ( 17.b4 $1 {This move was suggested by my colleague GM Quintiliano during the live stream and is the machine's choice.} 17...Ncd7 ( 17...Nca4 18.Nxa4 Nxa4 19.c4 $1 bxc4 20.Rfc1 c3 21.Nd1 $1 {With pressure on the queenside.} ) 18.a4 $1 bxa4 19.Nxa4 Nc4 20.Nxc4 Bxc4 21.Ra3 {White has a better pawn structure and can try to hammer the a6-pawn. It's possible to fight for a small advantage.} ) 17...Bxf5 {It's hard to choose between this move and 17...gxf5. Both give Black an advantage.} ( 17...gxf5 18.exf5 Kh8 $1 {During the broadcast I believed that Black should play like this.} ( 18...Bd7 $2 19.f6 {This is White's idea: the piece is recovered with a decisive attack.} ) 19.b4 $1 ( 19.fxe6 fxe6 {And the black rooks will use the g- and f-files to attack the white king.} ) 19...Ncd7 20.fxe6 fxe6 21.Qg4 Rf6 ( 21...Rf5 {is also possible:} 22.Bd3 Rg8 23.Bxf5 Rxg4 24.Bxg4 Nf8 {Two rooks versus queen positions are often difficult to assess and this one is no exception.} ) 22.Bd3 Rg8 23.Qh5 Nf8 {With an advantage for Black, since the white king is not very comfortable.} ) 18.exf5 d5 $1 {This is the move that justifies Black's play and I believe it was not seen by Praggnanandhaa.} 19.Bh6 ( 19.Nxd5 $2 Nxd5 20.Qxd5 Rad8 {and the d2-bishop is lost.} ) 19...Rfd8 {Black's center pawns are advancing and White's position becomes difficult to play.} 20.Rad1 $6 ( 20.Qg3 $1 {is a better try. The idea is to sacrifice a pawn after} 20...d4 {(this move is not forced.)} 21.b4 $1 dxc3 22.bxc5 Qxc5 23.Bd3 {With compensation thanks to the pair of bishops pointing to the black king.} ) 20...e4 $1 {The pawns keep marching.} 21.Qg4 Nca4 $1 22.Nxa4 Nxa4 {The queenside is under attack and White tries a desperate counterplay on the opposite flank.} 23.fxg6 {Here or on the next move 23.Rb1 would be a sad but possible way to defend.} ( 23.Rb1 Qe5 {With only a small advantage for Black.} ( 23...Qxc2 $2 {Evidently this is very bad.} 24.Rfc1 Qb3 25.Rc7 ) ) 23...hxg6 24.f4 $2 {This is a move you play hoping for the best, even though you know it won't work. A refutation of the attack is not difficult to find.} ( 24.Rb1 ) 24...Qb6+ 25.Kh1 f5 $1 26.Qg3 Nxb2 {With an extra pawn, a powerful center, and the white bishops neutralized, Black's position is easily winning.} 27.Rb1 Nc4 ( 27...Na4 {is also possible.} ) 28.a4 Kh7 $6 {Not the most accurate.} ( 28...Rd6 ) ( 28...b4 ) 29.Bxc4 $6 ( 29.Bg5 $1 {Gives some practical chances.} 29...Bxg5 30.fxg5 {White can now try a plan with Qh4-h6. Black needs to play with precision.} 30...Rac8 31.axb5 axb5 32.Qh4+ Kg8 33.Qh6 Rd6 34.Rf4 Ne5 $1 {The knight is the king's best friend, this is clear.} 35.Rh4 Nf7 36.Qh7+ Kf8 {The attack is repelled.} ) 29...Kxh6 $1 {Any White chance of counterplay disappears.} 30.Bb3 Rac8 31.axb5 axb5 32.Rfd1 d4 33.Qf2 Rc3 34.Ra1 Qf6 35.Ra7 Qh4 36.Qf1 d3 37.g3 dxc2 ( 37...Qxg3 {The computer indicates this move as even more accurate.} 38.Rxe7 d2 39.Qg2 Qxf4 {Followed by 40...Rg3.} ) 38.Rxd8 ( 38.gxh4 Rxd1 39.Qxd1 cxd1=Q+ 40.Bxd1 Bxh4 {With a winning endgame for Black, almost the same as what we will see in the game.} ) 38...Bxd8 ( 38...c1=Q {is even better.} 39.Rd1 ( 39.Rh8+ Kg7 ) 39...Rxg3 40.Rxc1 Rxh3+ 41.Qxh3 Qxh3+ 42.Kg1 Qe3+ {And literally all white's pieces are attacked.} ) 39.gxh4 c1=Q 40.Qxc1 Rxc1+ 41.Kg2 Bxh4 {The endgame presents no technical difficulty.} 42.Ra6 Rc3 43.Be6 Rc2+ 44.Kh1 Bf6 ( 44...Kg7 {also wins easily.} 45.Ra7+ Kf8 ) 45.Bd7 ( 45.Bxf5 gxf5 46.Rxf6+ Kg7 47.Rxf5 e3 48.Re5 e2 49.Kg1 b4 50.Kf2 b3 {The pawns decide the game.} ) 45...Kg7 46.Bxb5 Rf2 ( 46...e3 {is also possible:} 47.Re6 Bd4 {followed by the king advance down the h-file.} ) 47.Ra7+ Kh6 48.Ra6 Bd4 49.Be8 e3 $1 50.Rxg6+ Kh7 51.Rg1 e2 52.Bb5 Rh2+ $1 {The only winning move.} ( 52...Rh2+ 53.Kxh2 Bxg1+ 54.Kxg1 e1=Q+ ) 0-1

[Event "Tata Steel Chess Masters 2023"]
[Site "Chess.com"]
[Date "2023.01.29"]
[Round "13"]
[White "Abdusattorov, Nodirbek"]
[Black "Van Foreest, Jorden"]
[Result "0-1"]
[WhiteElo "2713"]
[BlackElo "2681"]
[ECO "B48"]
[EventDate "2023.??.??"]
[Annotator "rafael"]
[PlyCount "98"]
[Beauty "7014621121567"]
[EventType "schev"]
[EventRounds "4"]
[TimeControl "40/6000+30:20/3000+30:900+30"]

1.e4 c5 2.Nf3 e6 3.d4 cxd4 4.Nxd4 Nc6 5.Nc3 Qc7 {The Sicilian Taimanov is one of my favorite defenses, and I'm happy whenever I see it in elite tournaments.} 6.Be3 a6 7.Qf3 {A modern move and currently considered one of the most dangerous ways to face the Taimanov.} 7...h5 $5 {[%c_effect h5;square;h5;type;Interesting;persistent;true] Only Black's eighth most popular move. Once again van Foreest lives up to his reputation as a creative player and a finder of new ideas even in well-known openings. This pawn advance is usually played only after 7...Ne5 8.Qg3.} 8.O-O-O ( 8.Qg3 d6 9.f4 b5 10.a3 Bb7 {with chances for both sides in Kuybokarov-Predke, Abu Dhabi 2022.} ) 8...b5 9.Qg3 $146 ( 9.Nxc6 Qxc6 10.Bd3 Bb7 11.Rhe1 Be7 12.Bd4 b4 ( 12...Nf6 {is possible.} ) 13.Nd5 $1 exd5 14.Bxg7 Rh6 15.exd5 Qxd5 16.Qxd5 Bxd5 17.Bxh6 Nxh6 18.Be4 Bxe4 19.Rxe4 {with a slight advantage for White in Hakobyan-Kavutskiy, Las Vegas 2022.} ) 9...Qxg3 10.hxg3 {White is usually better in this type of endgame, and I think this position is no exception. There are two breaking points that will be constant sources of concern for Black, the g4 advance and the a4 advance.} 10...Bc5 11.g4 {Other moves are also possible.} ( 11.Kb1 {As I always say to my students, the Kb1 move is almost never bad after long castling.} 11...Nxd4 12.Bxd4 Bxd4 13.Rxd4 Ne7 14.Be2 Nc6 15.Rd2 {White has a tiny advantage.} ) ( 11.Nf5 $5 Bxe3+ 12.Nxe3 Nf6 13.f3 {The position is more or less equal.} ) ( 11.Be2 ) 11...Bb7 12.f3 ( 12.gxh5 Nf6 {Black regains the pawn due to the threat of 13...b4 followed by capturing on e4.} ) 12...g6 ( 12...h4 $5 {[%c_effect h4;square;h4;type;Interesting;persistent;true] This is the favorite move of the machine, which considers the position OK for Black. The move is hardly human, as the pawn seems to be abandoned to its own luck.} ) 13.Nf5 ( 13.a4 $5 {[%c_effect a4;square;a4;type;Interesting;persistent;true] We will see this typical move in many lines. It creates weaknesses in Black's queenside and should always be considered.} 13...b4 14.Nce2 d6 15.Kb1 Nf6 16.Bg5 $1 Nh7 17.Bh6 $1 {[%c_effect h6;square;h6;type;GreatFind;persistent;true] Black is under pressure since} 17...hxg4 $2 {[%c_effect g4;square;g4;type;Mistake;persistent;true] fails to} 18.Bg7 ) 13...Bxe3+ 14.Nxe3 Ke7 15.Be2 d6 16.g5 ( 16.a3 Nf6 17.g5 Nd7 18.f4 f6 19.gxf6+ Nxf6 20.Bf3 {with an even position.} ) 16...f6 17.f4 {A risky move, as the pawn structure will be damaged. But White tactically justifies his plan.} ( 17.gxf6+ Nxf6 {with an equal position.} ) 17...fxg5 18.fxg5 Ne5 19.Rd4 $1 {[%c_effect d4;square;d4;type;GreatFind;persistent;true] A good move, setting up the counterplay with a2-a4.} 19...Rd8 $6 {[%c_effect d8;square;d8;type;Inaccuracy;persistent;true] This move order is imprecise.} ( 19...Nc6 20.Rd2 Ne5 {may lead to move repetition and a draw, something van Foreest usually avoids.} ) ( 19...Nf7 20.Rhd1 ( 20.a4 $6 {[%c_effect a4;square;a4;type;Inaccuracy;persistent;true] Is not so good here, since the a8-rook comes into play after White captures on b5.} 20...Nxg5 ) 20...Rd8 21.a4 $1 Nxg5 22.e5 Nf7 23.axb5 axb5 24.exd6+ Rxd6 25.Nxb5 Rxd4 26.Nxd4 {with a likely draw.} ) 20.Rhd1 $6 ( 20.a4 $1 {[%c_effect a4;square;a4;type;GreatFind;persistent;true] This is the correct move to exploit Black's inaccuracy.} 20...Nc6 21.Rd2 b4 22.Ncd1 {The knight goes to h3, defending the g5-pawn, while the other knight can go to c4. White has the advantage.} ) 20...h4 $6 {[%c_effect h4;square;h4;type;Inaccuracy;persistent;true] Too ambitious.} ( 20...Nc6 21.R4d2 Ne5 {With a probable move repetition.} ) ( 20...Nf7 21.a4 {leads to the variation seen above.} ) 21.Ng4 $6 ( 21.a4 $1 {[%c_effect a4;square;a4;type;GreatFind;persistent;true] Again this move leads to an advantage for White.} 21...Nc6 22.R4d2 b4 ( 22...bxa4 23.Nc4 $1 {[%c_effect c4;square;c4;type;GreatFind;persistent;true] and the d-pawn falls.} ) 23.Na2 {Black will have a hard time defending the weaknesses on the queenside.} ) 21...Nc6 22.R4d2 ( 22.R4d3 {This move gives White additional options after} 22...Rh5 23.e5 d5 {since now the rook can move across the third rank, either to h3 or c3.} 24.Ne4 ( 24.Rh3 $5 ) 24...Bc8 25.Ngf6 Rh8 26.Rc3 $5 {[%c_effect c3;square;c3;type;Interesting;persistent;true] This is a difference compared to the game.} 26...Nxe5 27.Rc7+ Bd7 28.Nxd5+ $1 exd5 29.Rxd5 Ke6 30.Rcc5 Nc6 31.Bg4+ Ke7 32.Rxd7+ Rxd7 33.Rxc6 Rd4 $1 34.Re6+ Kf7 35.c3 {with excellent compensation for the exchange.} ) 22...Rh5 23.e5 d5 24.Ne4 $1 {[%c_effect e4;square;e4;type;GreatFind;persistent;true] Abdusattorov shows his great tactical vision and manages to activate the knight in a creative way.} 24...Bc8 ( 24...dxe4 {This seems to be losing for Black, but the computer finds some incredible resources.} 25.Rxd8 Nxd8 26.Nf6 {Many (if not all) humans would rule out this variation for Black here, but the machine plays along.} 26...Rxg5 $1 ( 26...Nxf6 $2 27.exf6+ Ke8 28.Bxh5 gxh5 29.g6 {and the pawns decide the game.} ) 27.Rd7+ Kf8 28.Rxd8+ Kf7 $1 29.Rxg8 e3 $1 {[%c_effect e3;square;e3;type;GreatFind;persistent;true] and the computer continues with incredible variations showing a draw.} ) 25.Ngf6 $6 ( 25.Ngf2 $1 {[%c_effect f2;square;f2;type;GreatFind;persistent;true] is a difficult move and better than the one played in the game.} 25...Rh8 ( 25...dxe4 26.Rxd8 Nxd8 27.Bxh5 gxh5 28.Nxe4 {White has some advantage in this unbalanced endgame.} ) 26.Nd6 Nxe5 27.Nxc8+ Rxc8 28.Re1 {With good compensation for the pawn, as Black has difficulties defending the central pawns.} ) 25...Rh8 26.Nxg8+ Rdxg8 27.Nf6 Rd8 28.Re1 h3 $6 ( 28...Nxe5 $1 {[%c_effect e5;square;e5;type;GreatFind;persistent;true] leads to an advantage for Black:} 29.Bxb5 h3 $1 {[%c_effect h3;square;h3;type;GreatFind;persistent;true] This move was probably missed by van Foreest.} 30.Bd3 ( 30.gxh3 $2 Nf3 ) ( 30.Rxe5 $2 h2 $19 ) 30...h2 31.Rh1 Bb7 {with a clear advantage.} ) 29.gxh3 Rxh3 30.Bg4 $6 ( 30.Bd3 $1 {[%c_effect d3;square;d3;type;GreatFind;persistent;true] is better.} 30...Rdh8 ( 30...Kf7 $6 31.Rf2 Kg7 32.b3 {Black has no active plan since} 32...Rdh8 $2 33.Ref1 $1 Nxe5 {loses to} 34.Ng4 $1 {[%c_effect g4;square;g4;type;GreatFind;persistent;true] with the idea:} 34...Nxg4 35.Rf7+ Kg8 36.Rf8+ Kg7 37.R1f7# ) 31.Bxg6 Rg3 32.Nh7 $1 Bd7 {and the game will likely end in a draw, for instance:} 33.Rd3 Rxd3 34.Bxd3 Rg8 35.g6 Rg7 36.Nf6 Nxe5 $1 37.Nxd5+ Kd6 38.Nf4 Nxd3+ 39.cxd3 e5 $1 {[%c_effect e5;square;e5;type;GreatFind;persistent;true] The g-pawn falls and the players can shake hands.} ) 30...Rh4 31.b3 Rdh8 32.Kb2 Rh2 33.Ree2 Rxe2 34.Rxe2 a5 $1 {[%c_effect a5;square;a5;type;GreatFind;persistent;true] The position is very unpleasant for White because of the weaknesses on g5 and e5. Black's move is intended to activate the bishop.} 35.a3 Ba6 36.Re1 b4 37.a4 $6 ( 37.axb4 {Gives better drawing chances.} 37...Nxb4 ( 37...axb4 {This is also possible, but in this case it's clear that the pawn exchange was helpful for White, as usually the case when defending a worse endgame.} ) 38.Be2 Bxe2 39.Rxe2 ) 37...Nd8 $1 {[%c_effect d8;square;d8;type;GreatFind;persistent;true] An excellent move. The knight heads to f7, attacking both weaknesses.} 38.Be2 $6 ( 38.Bf3 {is a better try, with the idea of sacrificing the bishop on d5 if the knight goes to f7.} ) 38...Bxe2 39.Rxe2 Nf7 {Now the pawns fall, and the position is undefendable.} 40.c3 bxc3+ 41.Kxc3 Nxg5 42.b4 Rh3+ {The rest is easy.} 43.Kb2 axb4 44.Rc2 Nf3 45.Ng4 Nd4 46.Rc8 Rb3+ 47.Ka2 Ra3+ 48.Kb2 Rxa4 49.Nf6 b3 {A heartbreaking loss for Abdusattorov and a great victory for van Foreest, a player whose games are always entertaining.} 0-1